 Dungeon Crawl Stone Soup version 0.30-a0-390-g80c34de65d (webtiles) character file.

Game seed: 4403445804442503479

189 pokeman the Magician (level 5, -1/29 HPs)
             Began as a Deep Elf Hedge Wizard on Dec 4, 2022.
             Slain by an orc
             ... wielding a +0 hand axe
              (3 damage)
             ... on level 2 of the Dungeon.
             The game lasted 00:06:27 (3195 turns).

pokeman the Magician (Deep Elf Hedge Wizard)        Turns: 3195, Time: 00:06:28

Health: -1/29      AC:  5    Str:  7    XL:     5   Next: 40%
Magic:  1/15       EV: 12    Int: 21    God:
Gold:   97         SH:  0    Dex: 14    Spells: 8/16 levels left

rFire   . . .      SeeInvis .    n - staff of conjuration
rCold   + . .      Faith    .    (no shield)
rNeg    . . .      Spirit   .    k - +0 leather armour
rPois   .          Reflect  .    c - +0 hat
rElec   .          Harm     .    a - +0 cloak
rCorr   .          Rampage  .    l - +0 pair of gloves
Will    .....                    (no boots)
Stlth   ++........               (no amulet)
HPRegen 0.24/turn                t - ring of protection from cold
MPRegen 0.14/turn                (no ring)

@: no status effects
A: no striking features
a: no special abilities


You were on level 2 of the Dungeon.
You visited 1 branch of the dungeon, and saw 3 of its levels.

You collected 97 gold pieces.

Inventory:

Armour
 a - a +0 cloak (worn)
 c - a +0 hat (worn)
 k - a +0 leather armour (worn)
 l - a +0 pair of gloves (worn)
Magical Staves
 n - a staff of conjuration (weapon)
Jewellery
 t - a ring of protection from cold (left hand)
Wands
 q - a wand of iceblast (10)
Scrolls
 b - a scroll of amnesia {unknown}
 e - a scroll of magic mapping {unknown}
 g - 2 scrolls of vulnerability {unknown}
 i - 2 scrolls of teleportation {unknown}
 j - a scroll of blinking {unknown}
 o - a scroll of identify {unknown}
 p - 2 scrolls of enchant weapon {unknown}
 s - a scroll of fog {unknown}
Potions
 d - 2 potions of magic
 f - 3 potions of curing {unknown}
 h - a potion of might {unknown}
 m - a potion of haste {unknown}
 r - a potion of degeneration {unknown}


   Skills:
 - Level 1.0 Fighting
 - Level 1.0 Armour
 - Level 3.0 Dodging
 + Level 2.7 Stealth
 * Level 6.3 Spellcasting
 + Level 2.7 Conjurations
 - Level 1.1 Summonings
 - Level 1.1 Translocations
 + Level 1.0 Poison Magic
 - Level 1.0 Evocations


You had 8 spell levels left.
You knew the following spells:

 Your Spells              Type           Power      Damage    Failure   Level
a - Magic Dart            Conj           100%       1d8       4%          1
b - Mephitic Cloud        Conj/Pois/Air  17%        N/A       26%         3
c - Call Imp              Summ           11%        N/A       13%         2
d - Blink                 Tloc           22%        N/A       13%         2

Your spell library contained the following spells:

 Spells                   Type           Power      Damage    Failure   Level
 Slow                     Hex            24%        N/A       14%         1
 Cigotuvi's Dreadful Rot  Necr/Pois/Air  16%        N/A       19%         2
 Kindle Blastsparks       Fire/Tloc/Air  16%        2d11      34%         3
 Summon Forest            Summ/Tloc      5%         N/A       94%         5


Dungeon Overview and Level Annotations

Branches:
Dungeon (3/15)

Altars:
Elyvilon
Ru
Xom


Message History

The orc barely misses you.
You climb upwards.
There is a stone staircase leading down here.
Unknown command.
Unknown command.
Casting: Call Imp (safe; 13% risk of failure)
Confirm with . or Enter, or press ? or * to list all spells.
You miscast Call Imp.
You are very lightly contaminated with residual magic.
Nothing appears to happen.
The orc hits you with a +0 hand axe.
Unknown command.
The orc attacks as you move away! The orc misses you.
Your magical contamination has completely faded away.
The orc attacks as you move away! The orc hits you but does no damage.
The orc attacks as you move away! The orc hits you with a +0 hand axe.
* * * LOW HITPOINT WARNING * * *
Casting: Call Imp (safe; 13% risk of failure)
Confirm with . or Enter, or press ? or * to list all spells.
A beastly little devil appears in a puff of flame.
The orc barely misses you.
The orc hits your crimson imp with a +0 hand axe.
You hit the orc but do no damage.
The orc is severely wounded.
The orc barely misses you.
The orc hits your crimson imp but does no damage.
Your crimson imp barely misses the orc.
The orc hits you with a +0 hand axe.
* * * LOW HITPOINT WARNING * * *
The orc hits your crimson imp but does no damage.
Your crimson imp misses the orc.
Your crimson imp blinks!
The orc hits you with a +0 hand axe.
* * * LOW HITPOINT WARNING * * *
The orc attacks as you move away! The orc completely misses you.
The orc attacks as you move away! The orc hits you with a +0 hand axe.
* * * LOW HITPOINT WARNING * * *
You swap places.
Your crimson imp blinks!
Your crimson imp blinks!
The orc hits you with a +0 hand axe.
You die...

.#..##..........#.# #.......#....
.#........[.....#.# #.......##..#
.##<##..........#.# #.......#...#
.##.##..>......##.# #.......#...#
.##.####.##...###.# #.......#...#
.##.# #.###..###.# #...........#
.##.# #.###§.....# ###...†......
.##.####.#.....########..####.#.#
.##.............@....##..####.#.#
..#####.#..##....o............#.#
.......###.##.####.).....######.#
..#####.#.###........###.# #.#
### ##.................######.#
############.....).......#
###############


You could see an orc.

Vanquished Creatures
  Natasha (thrice) (D:2)
  An orc wizard (D:3)
  An adder (D:2)
  2 worms (D:2)
  6 orcs
  6 ball pythons
  3 endoplasms
  6 hobgoblins
  4 jackals (D:2)
  4 bats
  2 goblins (D:1)
  8 kobolds
  A rat (D:2)
47 creatures vanquished.

Vanquished Creatures (collateral kills)
  An orc wizard (D:2)
1 creature vanquished.

Grand Total: 48 creatures vanquished

Notes
Turn   | Place    | Note
-------+----------+-------------------------------------------
     0 | D:1      | pokeman the Deep Elf Hedge Wizard began the quest for the
                  | Orb.
     0 | D:1      | Reached XP level 1. HP: 10/10 MP: 7/7
   336 | D:1      | Reached XP level 2. HP: 16/16 MP: 1/9
   685 | D:1      | Found a faded altar of an unknown god.
  1103 | D:2      | Reached skill level 5 in Spellcasting
  1352 | D:2      | Reached XP level 3. HP: 20/20 MP: 1/11
  1356 | D:2      | Learned a level 3 spell: Mephitic Cloud
  1359 | D:2      | Learned a level 2 spell: Call Imp
  1362 | D:2      | Learned a level 2 spell: Blink
  1830 | D:2      | Reached skill level 1 in Fighting
  2065 | D:2      | You fall into a shaft and drop 1 floor!
  2068 | D:3      | Found a shimmering altar of Xom.
  2096 | D:3      | Reached skill level 1 in Armour
  2441 | D:3      | Found a white marble altar of Elyvilon.
  2442 | D:3      | Found a sacrificial altar of Ru.
  2457 | D:3      | Noticed Natasha
  2573 | D:2      | Reached XP level 4. HP: 13/25 MP: 2/13
  2664 | D:2      | Killed Natasha
  2665 | D:2      | Reached skill level 1 in Evocations
  2721 | D:2      | Noticed Natasha
  2731 | D:2      | Killed Natasha
  3012 | D:2      | Noticed Natasha
  3032 | D:2      | Killed Natasha
  3033 | D:2      | Reached skill level 6 in Spellcasting
  3033 | D:2      | Reached XP level 5. HP: 18/29 MP: 10/15
  3114 | D:3      | Got Qeuretis's Precepts of Direction
  3142 | D:3      | Reached skill level 1 in Poison Magic
  3192 | D:2      | HP: 1/29 [orc/+0 hand axe (3)]
  3195 | D:2      | Slain by an orc

Illustrated notes

Levels and vault maps discovered:
D:1:      lemuel_arrival_room, layout_loops_ring,
          dreamdust_ecumenical_altar_angels_and_demons
D:2:      minmay_recursive_quarters, layout_loops_ring
D:3:      layout_rooms, chequers_temple_overflow_statue_of_worship,
          nicolae_overflow_crystal_walls, serial_shops, shop_coins, shop,
          shop_fountains, nicolae_lakefront_shop, uniq_natasha

Skill      XL: |  1  2  3  4  5 |
---------------+----------------+-----
Spellcasting   | 5 6 |  6.3
Fighting       | 1 |  1.0
Armour         | 1 |  1.0
Conjurations   | 2 |  2.7
Evocations     | 1 |  1.0
Dodging        | 3 |  3.0
Poison Magic   | 1 |  1.0
Stealth        | |  2.7
Summonings     | |  1.1
Translocations | |  1.1

Action                   |  1- 3 |  4- 6 || total
-------------------------+-------+-------++-------
Melee: Staff             |    19 |    29 ||    48
       Dagger            |     7 |       ||     7
       Punch             |     1 |       ||     1
 Cast: Magic Dart        |   112 |    21 ||   133
       Call Imp          |     3 |     2 ||     5
       Mephitic Cloud    |     2 |     6 ||     8
 Stab: Confused          |     2 |     4 ||     6
Armor: Leather armour    |    17 |     8 ||    25
Dodge: Dodged            |    30 |    20 ||    50

Table legend: (Time is in decaauts)
 A = Elapsed time spent in this place.
 B = Non-inter-level travel time spent in this place.
 C = Inter-level travel time spent in this place.
 D = Time resting spent in this place.
 E = Time spent auto-exploring this place.
 F = Levels seen in this place.
 G = Mean time per level.
                   A        B        C        D        E       F      G
               +--------+--------+--------+--------+--------+-----+--------+
         Total |   3206 |   3136 |     70 |    239 |   2172 |   3 | 1068.7 |
       Dungeon |   3206 |   3136 |     70 |    239 |   2172 |   3 | 1068.7 |
               +--------+--------+--------+--------+--------+-----+--------+

Top non-repeatable levels by time:
     D:2: 1914 daAuts
     D:1: 1079 daAuts
     D:3: 212 daAuts
